 Dungeon Crawl Stone Soup version 0.20.1-1-g8b1a95d (webtiles) character file.

494 Schiappus the Chopper (level 7, 0/48 HPs)
             Began as an Octopode Berserker on Nov 30, 2017.
             Was a Priest of Trog.
             Slain by Pikel
             ... wielding a +2 whip of flaming
              (2 damage)
             ... on level 4 of the Dungeon.
             The game lasted 00:12:27 (4969 turns).

Schiappus the Chopper (Octopode Berserker)          Turns: 4969, Time: 00:12:28

Health: 0/48       AC:  1    Str: 19    XL:     7   Next: 15%
Magic:  16/16      EV: 14    Int:  9    God:    Trog [***...]
Gold:   269        SH:  3    Dex: 11    Spells: 6/6 levels left

rFire    . . .     SeeInvis .   a - +0 hand axe
rCold    . . .     Gourm    .   c - +0 buckler
rNeg     . . .     Faith    .   (helmet restricted)
rPois    .         Spirit   .   (no amulet)
rElec    .         Reflect  .   d - ring of magical power
rCorr    .         Harm     .   h - ring of flight
MR       .....                  (no ring)
Stlth    ++++......             (no ring)
Regen    0.2/turn               (no ring)
MPRegen  0.2/turn               (no ring)
                                (no ring)
                                (no ring)

@: no status effects
A: almost no armour, stealthy swim, amphibious, 8 rings, constrict 8, camouflage
1, gelatinous body 1
a: Berserk, Trog's Hand, Burn Spellbooks, Renounce Religion, Evoke Flight


You were on level 4 of the Dungeon.
You worshipped Trog.
Trog was most pleased with you.
You were near starving.

You visited 2 branches of the dungeon, and saw 5 of its levels.

You collected 269 gold pieces.

Inventory:

Hand Weapons
 a - a +0 hand axe (weapon)
 j - a +0 war axe
Armour
 c - a +0 buckler (worn)
Jewellery
 d - a ring of magical power (left tentacle)
 h - a ring of flight (right tentacle)
Wands
 n - a wand of polymorph (12/24)
Scrolls
 l - a scroll of immolation
 o - a scroll of teleportation
 p - 2 scrolls of remove curse
 r - a scroll of identify
Potions
 e - 2 potions of haste
 g - 2 potions of agility
 k - a potion of flight
 m - 3 potions of curing
 q - a potion of mutation {unknown}
Comestibles
 b - 2 bread rations
 f - 4 fruits
 i - a meat ration


   Skills:
 + Level 4.0 Fighting
 + Level 5.5 Axes
 + Level 4.1 Dodging
 + Level 4.8 Stealth
 + Level 1.2 Shields


You had 6 spell levels left.
You didn't know any spells.

Dungeon Overview and Level Annotations

Branches:
Dungeon (4/15)             Temple (1/1) D:4

Altars:
Ashenzari
Elyvilon
Fedhas
Kikubaaqudgha
Makhleb
Nemelex Xobeh
Okawaru
Ru
Sif Muna
Uskayaw
Vehumet
Xom
Zin
Lugonu

Annotations:
D:4 Pikel


Innate Abilities, Weirdness & Mutations

You cannot wear most types of armour.
You are very stealthy in the water. (Stealth+)
You are amphibious.
You can wear up to eight rings at the same time.
You can use your tentacles to constrict eight enemies at once.
Your skin changes colour to match your surroundings (Stealth+).
Your rubbery body absorbs attacks. (AC +1, EV +1)


Message History

Pikel is lightly wounded.
You constrict Pikel. Pikel barely misses you.
You hit Pikel but do no damage.
Pikel is moderately wounded.
You constrict Pikel. Pikel hits you with a whip of flaming. Pikel burns you.
You barely miss Pikel.
Pikel is heavily wounded.
You constrict Pikel. Pikel completely misses you.
You hit Pikel. You squeeze Pikel.
Pikel is heavily wounded.
You constrict Pikel. Pikel hits you with a whip of flaming.
* * * LOW HITPOINT WARNING * * *
Pikel burns you.
* * * LOW HITPOINT WARNING * * *
You hit Pikel. You squeeze Pikel.
Pikel is almost dead.
You constrict Pikel. Pikel hits you with a whip of flaming!
* * * LOW HITPOINT WARNING * * *
Pikel burns you.
You die...

# #.##.###.#.# #... #
#.......[..# #..# #
#...#.#.[..# #.#. #
#..#.#.#...# #.## #
#.#.#.#.#..# #.##
#########..#.>.#...#
##.##
..........#.#.#.#..#
##...#
#########..#.#.#K..#
####..... #...#.#.@.##
##........
#.........######.#.#.....
#.####...###....###.....#
#.# #.### #.###.#.######
#.# #.# #.# ##.## #.#
#.#####.# #.# #.#
#.......# #.# #.#
######### #.# #.#
#.#######


You could see Pikel.

Vanquished Creatures
  4 slaves (D:4)
  An ogre (D:4)
  The ghost of boomboom the Chopper, an amateur HOMo (D:3)
  A crimson imp (D:4)
  2 orc wizards (D:4)
  2 worker ants (D:4)
  3 gnolls (D:3)
  4 adders
  3 adder skeletons (D:4)
  3 dart slugs
  3 leopard geckos
  12 orcs
  6 giant cockroaches
  7 goblins
  12 hobgoblins
  2 jackals (D:1)
  9 kobolds
  4 quokkas
  2 ball pythons
  5 bats
  4 frilled lizards
  A jackal skeleton (D:3)
  5 rats
  2 demonic plants (Temple)
98 creatures vanquished.

Notes
Turn   | Place    | Note
-------+----------+-------------------------------------------
     0 | D:1      | Schiappus the Octopode Berserker began the quest for the Orb.
     0 | D:1      | Reached XP level 1. HP: 16/16 MP: 1/1
   216 | D:1      | Reached XP level 2. HP: 14/21 MP: 2/2
   718 | D:1      | Reached ** piety under Trog
   718 | D:1      | Reached XP level 3. HP: 26/26 MP: 3/3
   756 | D:1      | Reached skill level 1 in Stealth
  1599 | D:2      | Found a radiant altar of Vehumet.
  1753 | D:2      | Found a burning altar of Makhleb.
  1753 | D:2      | Noticed a green death
  1757 | D:2      | Noticed a ynoxinul
  1757 | D:2      | Noticed a smoke demon
  1958 | D:2      | Reached XP level 4. HP: 30/31 MP: 4/4
  2032 | D:2      | Found a deep blue altar of Sif Muna.
  2242 | D:3      | Found a glowing silver altar of Zin.
  2372 | D:3      | Reached skill level 4 in Axes
  2457 | D:3      | Reached XP level 5. HP: 13/36 MP: 5/5
  2699 | D:3      | Found a sacrificial altar of Ru.
  2719 | D:3      | Noticed boomboom's ghost (amateur HOMo)
  2744 | D:3      | Killed boomboom's ghost
  2861 | D:3      | Reached XP level 6. HP: 26/42 MP: 6/6
  2959 | D:3      | Reached *** piety under Trog
  3641 | D:4      | Found a staircase to the Ecumenical Temple.
  3653 | D:4      | Reached skill level 5 in Axes
  3920 | Temple   | Entered the Ecumenical Temple
  4149 | D:4      | Reached skill level 1 in Shields
  4269 | D:4      | Noticed a slave
  4275 | D:4      | Noticed a slave
  4276 | D:4      | Noticed a slave
  4277 | D:4      | Noticed a slave
  4283 | D:4      | Killed a slave
  4289 | D:4      | Killed a slave
  4295 | D:4      | Killed a slave
  4302 | D:4      | Killed a slave
  4557 | D:4      | Reached XP level 7. HP: 14/48 MP: 7/7
  4951 | D:4      | Noticed Pikel
  4969 | D:4      | HP: 2/48 [Pikel/whip of flaming (10)]
  4969 | D:4      | Slain by Pikel

Skill      XL: |  1  2  3  4  5  6 |
---------------+-------------------+-----
Stealth        | 1 2 3 4 |  4.8
Axes           | 4 5 |  5.5
Shields        | 1 |  1.2
Fighting       | 4 |  4.0
Dodging        | 4 |  4.1

Action                   |  1- 3 |  4- 6 |  7- 9 || total
-------------------------+-------+-------+-------++-------
Melee: Hand axe          |    87 |   145 |     9 ||   241
       Constrict         |    30 |    40 |     1 ||    71
       Tentacles         |    16 |    41 |     3 ||    60
Invok: Burn Spellbooks   |     1 |       |       ||     1
       Berserk           |       |     1 |       ||     1
  Use: Scroll            |     5 |     6 |       ||    11
       Potion            |       |     2 |       ||     2
 Stab: Sleeping          |     7 |     5 |     1 ||    13
  Eat: Chunk             |     2 |     3 |       ||     5
       Royal jelly       |       |     1 |       ||     1
       Meat ration       |       |     1 |       ||     1
Armor: Skin              |     6 |     4 |       ||    10
Dodge: Dodged            |    69 |    60 |     3 ||   132
Block: Buckler           |     1 |    11 |       ||    12
